 Dungeon Crawl Stone Soup version 0.19.3-4-gbf9329e (webtiles) character file.

79 Alarkh the Chopper (level 4, -17/35 HPs)
             Began as a Demonspawn Monk on Jan 28, 2017.
             Killed from afar by Ijyb (23 damage)
             ... with a wand of lightning
             ... on level 3 of the Dungeon.
             The game lasted 00:02:11 (1801 turns).

Alarkh the Chopper (Demonspawn Monk)                Turns: 1801, Time: 00:02:12

Health: -17/35     AC:  7    Str: 11 (12) XL:     4   Next: 17%
Magic:  4/4        EV: 13    Int: 11 (12) God:
Gold:   120        SH:  0    Dex: 14 (15) Spells: 0 memorised, 3 levels left

rFire  + . .     SeeInvis .     a - +0 hand axe
rCold  . . .     Gourm    .     b - +0 robe
rNeg   . . .     Faith    .     (no shield)
rPois  .         Spirit   .     (no helmet)
rElec  .         Reflect  .     o - +2 cloak
rCorr  .         Harm     .     (no gloves)
MR     .....                    (no boots)
Stlth  ++........               (no amulet)
                                (no ring)
                                (no ring)

@: no status effects
A: molten scales 1, fire resistance 1
a: no special abilities


You were on level 3 of the Dungeon.
You were not hungry.

You visited 1 branch of the dungeon, and saw 3 of its levels.

You collected 120 gold pieces.

Inventory:

Hand Weapons
 a - a +0 hand axe (weapon)
Armour
 b - a +0 robe (worn)
 o - a +2 cloak (worn)
Scrolls
 e - a scroll of identify
 j - a scroll of fear
 m - a scroll of random uselessness {unknown}
 n - a scroll of immolation {unknown}
 p - a scroll of fog {unknown}
Potions
 f - a potion of lignification
 g - a potion of haste
 h - a potion of cure mutation {unknown}
 k - a potion of flight
 l - a potion of resistance {unknown}
 q - a potion of curing {unknown}
 r - a potion of heal wounds {unknown}
Comestibles
 c - a bread ration
 d - 5 chunks of flesh


   Skills:
 - Level 3.0 Fighting
 + Level 4.5 Axes
 - Level 2.6 Dodging
 - Level 1.7 Stealth


You had 3 spell levels left.
You didn't know any spells.

Dungeon Overview and Level Annotations

Branches:
Dungeon (3/15)

Altars:

Annotations:
D:2 Sigmund
D:3 Ijyb


Innate Abilities, Weirdness & Mutations

You are partially covered in molten scales. (AC +2)
Your flesh is heat resistant. (rF+)


Message History

A hobgoblin is nearby!
Found a stone staircase leading down.
You hear the slow rusting of a very distant drain.
Ijyb the Twisted Goblin comes into view.
She is wielding a club.
Found a scroll of identify.
Ijyb shouts!
The hobgoblin cries, "Mercy!"
An orc comes into view. It is wielding a whip of electrocution.
Ijyb screams, "Me stronger than you!"
Ijyb zaps a wand.
The bolt of lightning hits you!
Ouch! That really hurt!
* * * LOW HITPOINT WARNING * * *
It is a wand of lightning.
It was a potion of degeneration.
There was something very wrong with that liquid.
You feel weakened.
You feel dopey.
You feel clumsy.
Okay, then.
Ijyb zaps a wand.
The bolt of lightning hits you!
Ouch! That really hurt!
You die...

#......#
#......#
##......##
#..........
#.#########
#.# #.#
#.####+###
#.@.......
#..g......
#.........
#g...#+###
####...
..... ..?o.
#.... ...


You could see Ijyb, an orc (wandering) and a hobgoblin (fleeing).

Vanquished Creatures
  An adder (D:2)
  2 worms (D:2)
  A dart slug (D:1)
  3 leopard geckos
  7 bats
  3 giant cockroaches
  7 goblins
  6 hobgoblins
  3 jackals (D:1)
  6 kobolds
  2 quokkas
  6 frilled lizards
  10 rats
57 creatures vanquished.

Notes
Turn   | Place    | Note
-------+----------+-------------------------------------------
     0 | D:1      | Alarkh the Demonspawn Monk began the quest for the Orb.
     0 | D:1      | Reached XP level 1. HP: 18/18 MP: 1/1
    54 | D:1      | Reached skill level 3 in Axes
   134 | D:1      | Gained mutation: Your flesh is heat resistant. (rF+) [demonic ancestry]
   134 | D:1      | Reached XP level 2. HP: 24/24 MP: 2/2
   602 | D:1      | Gained mutation: You are partially covered in molten scales. (AC +2) [demonic ancestry]
   602 | D:1      | Reached XP level 3. HP: 21/29 MP: 3/3
   913 | D:1      | Reached skill level 4 in Axes
  1358 | D:2      | Reached XP level 4. HP: 35/35 MP: 4/4
  1520 | D:2      | Noticed Sigmund
  1797 | D:3      | Noticed Ijyb
  1801 | D:3      | Killed from afar by Ijyb

Skill      XL: |  1  2  3 |
---------------+----------+-----
Axes           | 3 4 |  4.5
Fighting       | |  3.0
Dodging        | |  2.6
Stealth        | |  1.7

Action                   |  1- 3 |  4- 6 || total
-------------------------+-------+-------++-------
Melee: Hand axe          |   175 |    36 ||   211
  Use: Scroll            |       |     4 ||     4
       Potion            |       |     1 ||     1
 Stab: Sleeping          |    10 |     3 ||    13
       Distracted        |     1 |       ||     1
  Eat: Chunk             |     2 |     1 ||     3
Armor: Robe              |    60 |     6 ||    66
Dodge: Dodged            |   142 |    20 ||   162
